 Dungeon Crawl Stone Soup version 0.23.2-40-g277498a001 (webtiles) character file.

Game seed: 3166149841937222355

793 Fairytaker the Conjurer (level 7, -2/46 HPs)
             Began as a Mummy Fire Elementalist on Sept 4, 2019.
             Slain by a centaur (7 damage)
             ... on level 5 of the Dungeon.
             The game lasted 00:14:23 (5964 turns).

Fairytaker the Conjurer (Mummy Fire Elementalist)   Turns: 5964, Time: 00:14:24

Health: -2/46      AC:  2    Str: 12    XL:     7   Next: 57%
Magic:  5/14       EV: 12    Int: 16    God:
Gold:   208        SH:  0    Dex: 12    Spells: 5/15 levels left

rFire    . . .     SeeInvis .   s - +0 falchion
rCold    + + .     Gourm    .   (no shield)
rNeg     + + +     Faith    .   a - +0 robe
rPois    ∞         Spirit   .   i - +0 hat
rElec    .         Reflect  .   e - scarf {rC+ rF+}
rCorr    .         Harm     .   (no gloves)
MR       .....                  (no boots)
Stlth    ++........             (no amulet)
HPRegen  0.15/turn              (no ring)
MPRegen  0.14/turn              o - ring of wizardry

@: very slightly contaminated
A: no food or potions, fire vulnerability, cold resistance 1, negative energy
resistance 3, torment resistance, unbreathing
a: no special abilities


You were on level 5 of the Dungeon.
You were not hungry.

You visited 1 branch of the dungeon, and saw 5 of its levels.

You collected 208 gold pieces.

Inventory:

Hand Weapons
 d - a +0 dagger
 h - a +1 whip
 s - a +0 falchion (weapon)
Missiles
 l - 15 javelins (quivered)
Armour
 a - a +0 robe (worn)
 e - a scarf of resistance (worn)
 i - a +0 hat (worn)
 r - the +3 leather armour of Xefum {Regen+}
   (You found it on level 4 of the Dungeon)

   It increases your rate of regeneration.
Jewellery
 o - a ring of wizardry (right hand)
Wands
 j - a wand of random effects (11)
 n - a wand of polymorph (23)
Scrolls
 b - 3 scrolls of teleportation
 c - a scroll of blinking {unknown}
 f - 2 scrolls of amnesia {unknown}
 g - 2 scrolls of enchant weapon
 k - a scroll of noise {unknown}
 m - 4 scrolls of identify {unknown}
 p - 4 scrolls of enchant armour {unknown}
 q - 2 scrolls of immolation {unknown}
 t - 2 scrolls of remove curse


   Skills:
 - Level 1.5 Dodging
 - Level 1.5 Stealth
 + Level 4.8 Spellcasting
 * Level 5.0 Conjurations
 * Level 4.7 Fire Magic


You had 5 spell levels left.
You knew the following spells:

 Your Spells              Type           Power        Failure   Level  Hunger
a - Flame Tongue          Conj/Fire      ###..        1%          1    N/A
b - Sticky Flame          Conj/Fire      ###.....     9%          4    N/A
c - Fireball              Conj/Fire      ###.......   22%         5    N/A

Your spell library contained the following spells:

 Spells                   Type           Power        Failure   Level  Hunger
 Throw Flame              Conj/Fire      ###...       1%          2    N/A
 Conjure Flame            Conj/Fire      ###.....     2%          3    N/A
 Inner Flame              Hex/Fire       ##......     7%          3    N/A

Dungeon Overview and Level Annotations

Branches:
Dungeon (5/15)
 Temple: D:4-7

Altars:
Ashenzari
Gozag
Uskayaw
Wu Jian
Xom


Innate Abilities, Weirdness & Mutations

You do not eat or drink.
Your flesh is vulnerable to fire.
You are immune to poison.
Your flesh is cold resistant. (rC+)
You are immune to negative energy. (rN+++)
You are immune to unholy pain and torment.
You can survive without breathing.


Message History

The centaur hits you but does no damage.
The centaur barely misses you.
Casting: Sticky Flame (safe; 9% risk of failure)
Confirm with . or Enter, or press ? or * to list all spells.
Aiming: Sticky Flame (safe; 9% risk of failure)
Press: ? - help, Shift-Dir - straight line, f/p - centaur
Aim: a centaur The sticky flame hits the centaur.
The centaur is lightly wounded.
The centaur is covered in liquid flames!
The centaur burns!
The centaur closely misses you.
Casting: Sticky Flame (safe; 9% risk of failure)
Confirm with . or Enter, or press ? or * to list all spells.
Aiming: Flame Tongue (safe; 1% risk of failure)
Press: ? - help, Shift-Dir - straight line, f/p - centaur
Aim: a centaur (moderately wounded, covered in liquid flames)
The flame tongue hits the centaur!
The centaur is heavily wounded.
The centaur burns!
The centaur hits you!
You die...

#.. ..#+# #..###
#.#.# #....###.#.#
#.......#.####
###.##.......#
#(##.......###
#(##.........#####
#(##.##<..........
#@##.##..##'######
#c.########....#
####.÷..###.88.#
#.####..#.88.# #.#
#..'....# #.#
#########
#.####....##
##...†####.#
#########.#


You could see a centaur (burning).

Vanquished Creatures
  Grinder (D:3)
  An ogre (D:4)
  A howler monkey (D:4)
  A bullfrog zombie (D:5)
  A jelly (D:5)
  An orc priest (D:3)
  Jessica (D:2)
  Ijyb (D:3)
  Terence (D:2)
  3 orc wizards
  2 worker ants
  2 hound skeletons
  7 adders
  A worm (D:5)
  7 leopard geckos
  9 orcs
  8 bats
  2 giant cockroaches (D:2)
  8 goblins
  3 hobgoblins
  3 jackals
  2 ball pythons
  3 frilled lizards
  6 kobolds
  2 leopard gecko skeletons (D:4)
  11 rats
88 creatures vanquished.

Notes
Turn   | Place    | Note
-------+----------+-------------------------------------------
     0 | D:1      | Fairytaker the Mummy Fire Elementalist began the quest for
                  | the Orb.
     0 | D:1      | Reached XP level 1. HP: 13/13 MP: 4/4
   184 | D:1      | Reached skill level 1 in Conjurations
   925 | D:1      | Reached XP level 2. HP: 18/19 MP: 3/5
  1374 | D:2      | Reached skill level 2 in Conjurations
  1541 | D:2      | Noticed Jessica
  1546 | D:2      | Killed Jessica
  1546 | D:2      | Reached XP level 3. HP: 24/24 MP: 2/7
  1884 | D:2      | Reached skill level 3 in Conjurations
  2092 | D:2      | Reached XP level 4. HP: 26/30 MP: 1/8
  2541 | D:2      | Found a shimmering altar of Xom.
  2542 | D:2      | Noticed Terence
  2549 | D:2      | Killed Terence
  2613 | D:2      | Found a hide-covered altar of Uskayaw.
  2798 | D:2      | Learned a level 4 spell: Sticky Flame
  2912 | D:3      | Reached XP level 5. HP: 4/35 MP: 0/9
  3316 | D:3      | Learned a level 5 spell: Fireball
  3320 | D:3      | Noticed Grinder
  3582 | D:3      | Killed Grinder
  3582 | D:3      | Reached skill level 4 in Conjurations
  3582 | D:3      | Reached XP level 6. HP: 14/41 MP: 1/11
  3803 | D:3      | Found a shattered altar of Ashenzari.
  4225 | D:3      | Found an opulent altar of Gozag.
  4423 | D:3      | Noticed Ijyb
  4431 | D:3      | Killed Ijyb
  4483 | D:3      | Found an ornate altar of the Wu Jian Council.
  5032 | D:4      | Got a slimy leather armour
  5046 | D:4      | Reached XP level 7. HP: 34/46 MP: 6/13
  5598 | D:4      | Identified the +3 leather armour of Xefum {Regen+} (You
                  | found it on level 4 of the Dungeon)
  5617 | D:5      | Entered Level 5 of the Dungeon
  5816 | D:5      | Reached skill level 5 in Conjurations
  5964 | D:5      | Slain by a centaur

Skill      XL: |  1  2  3  4  5  6  7 |
---------------+----------------------+-----
Conjurations   | 1 2 3 4 5 |  5.0
Spellcasting   | 3 4 |  4.8
Fire Magic     | 3 4 |  4.7
Dodging        | |  1.5
Stealth        | |  1.5

Action                   |  1- 3 |  4- 6 |  7- 9 || total
-------------------------+-------+-------+-------++-------
Melee: Dagger            |     1 |       |       ||     1
       Whip              |     5 |    17 |       ||    22
       Falchion          |       |       |     3 ||     3
Throw: Stone             |     1 |       |       ||     1
       Javelin           |     1 |     6 |     3 ||    10
 Cast: Flame Tongue      |    52 |    76 |    22 ||   150
       Sticky Flame      |       |     7 |     8 ||    15
Evoke: Wand              |       |     5 |       ||     5
  Use: Scroll            |       |     4 |       ||     4
Armor: Robe              |    13 |     7 |     6 ||    26
Dodge: Dodged            |    30 |    21 |    14 ||    65
       Rpst.: Falchion   |       |       |     2 ||     2
